SNL (28 & UNDER)
NEW HAMPSHIRE FISHER CATS @ BLACKIRON DRAGONS
08/21/2023
 
TOP OF THE 1ST
New Hampshire Fisher Cats batting - Pitching for BlackIron Dragons : RHP Foster Giles
Pitching: RHP Foster Giles
Batting: RHB Lu-fang Huie 0-0: Ball
1-0: Ball
2-0: Fly out, F6 (Line Drive, 6)
Batting: RHB Matt Silver 0-0: Called Strike
0-1: Ball
1-1: Ball
2-1: SINGLE (Line Drive, 7LM)
Batting: LHB Sam Barnes 0-0: Called Strike
0-1: Ball
1-1: Ball
2-1: Ball
3-1: Foul Ball, location: 2F
3-2: Strikes out looking
Batting: RHB Roberto Peña Pickoff Throw to First - Out!
Top of the 1st over - 0 run(s), 1 hit(s), 0 error(s), 0 left on base; New Hampshire 0 - BlackIron 0
BOTTOM OF THE 1ST
BlackIron Dragons batting - Pitching for New Hampshire Fisher Cats : LHP Kent Robinson
Pitching: LHP Kent Robinson
Batting: RHB Leroy Jamison 0-0: Ball
1-0: Called Strike
1-1: Ball
2-1: Ball
3-1: Foul Ball, location: 2F
3-2: Fly out, F7 (Flyball, 78D)
Batting: RHB Robert Bly 0-0: Ball
1-0: Foul Ball, location: 2F
1-1: Ground out 5-3 (Groundball, 5L)
Batting: RHB Cole Ball 0-0: Called Strike
0-1: Ball
1-1: Foul Ball, location: 2F
1-2: Foul Ball, location: 2F
1-2: Ground out 1-3 (Groundball, 13S)
Bottom of the 1st over - 0 run(s), 0 hit(s), 0 error(s), 0 left on base; New Hampshire 0 - BlackIron 0
TOP OF THE 2ND
New Hampshire Fisher Cats batting - Pitching for BlackIron Dragons : RHP Foster Giles
Batting: RHB Roberto Peña 0-0: Ball
1-0: Foul Ball, location: 2F
1-1: Foul Ball, location: 2F
1-2: Fly out, F9 (Flyball, 89S)
Batting: RHB Phil Matthews 0-0: Foul Ball, location: 2F
0-1: Called Strike
0-2: Foul Ball, location: 2F
0-2: Foul Ball, location: 2F
0-2: Ball
1-2: Ball
2-2: Ball
3-2: Foul Ball, location: 2F
3-2: Base on Balls
Batting: RHB Sadao Kimura 0-0: Called Strike
0-1: Ball
1-1: Foul Ball, location: 2F
1-2: Fly out, F8 (Flyball, 89D)
Batting: RHB Chris Parker 0-0: Ball
1-0: Swinging Strike
1-1: 2-RUN HOME RUN (Flyball, 78D), Distance : 428 ft
Batting: RHB Júlio Trinidad 0-0: Swinging Strike
0-1: Ball
1-1: Ball
2-1: Ball
3-1: Called Strike
3-2: Strikes out swinging
Top of the 2nd over - 2 run(s), 1 hit(s), 0 error(s), 0 left on base; New Hampshire 2 - BlackIron 0
BOTTOM OF THE 2ND
BlackIron Dragons batting - Pitching for New Hampshire Fisher Cats : LHP Kent Robinson
Batting: RHB Jonah Duncan 0-0: Ball
1-0: Ball
2-0: Called Strike
2-1: Ball
3-1: SINGLE (Line Drive, 9LS)
Batting: RHB Dallas Blair 0-0: Called Strike
0-1: Foul Ball, location: 2F
0-2: Ball
1-2: Foul Ball, location: 2F
1-2: Ground out 5-3 (Groundball, 56S)
Jonah Duncan to second
Batting: RHB José Colón 0-0: Ball
1-0: Ball
2-0: Foul Ball, location: 2F
2-1: Swinging Strike
2-2: Ball
3-2: Strikes out swinging
Batting: RHB Robert Buckley 0-0: Ball
1-0: Ball
2-0: Called Strike
2-1: Ground out 4-3 (Groundball, 4)
Bottom of the 2nd over - 0 run(s), 1 hit(s), 0 error(s), 1 left on base; New Hampshire 2 - BlackIron 0
TOP OF THE 3RD
New Hampshire Fisher Cats batting - Pitching for BlackIron Dragons : RHP Foster Giles
Batting: RHB Tony Reyes 0-0: Ball
1-0: Called Strike
1-1: Ball
2-1: Swinging Strike
2-2: SINGLE (Line Drive, 78M)
Batting: RHB Lu-fang Huie 0-0: Ball
1-0: Ball
2-0: Ball
3-0: Called Strike
3-1: Base on Balls
Tony Reyes to second
Batting: RHB Matt Silver 0-0: Swinging Strike
0-1: Grounds into double play, 6-4-3 (Groundball, 6)
Tony Reyes to third
Batting: LHB Sam Barnes 0-0: Swinging Strike
Passed Ball!
Tony Reyes scores
0-1: Foul Ball, location: 2F
0-2: Foul Ball, location: 2F
0-2: Ball
1-2: Fly out, F8 (Flyball, 8LD)
Top of the 3rd over - 1 run(s), 1 hit(s), 0 error(s), 0 left on base; New Hampshire 3 - BlackIron 0
BOTTOM OF THE 3RD
BlackIron Dragons batting - Pitching for New Hampshire Fisher Cats : LHP Kent Robinson
Batting: RHB Phil Jacobs 0-0: Called Strike
0-1: Swinging Strike
0-2: Strikes out swinging
Batting: RHB Joaquín Rosales 0-0: Ground out 5-3 (Groundball, 56)
Batting: RHB Leroy Jamison 0-0: Ball
1-0: Fly out, F8 (Flyball, 8LS)
Bottom of the 3rd over - 0 run(s), 0 hit(s), 0 error(s), 0 left on base; New Hampshire 3 - BlackIron 0
TOP OF THE 4TH
New Hampshire Fisher Cats batting - Pitching for BlackIron Dragons : RHP Foster Giles
Batting: RHB Roberto Peña 0-0: Ball
1-0: Foul Ball, location: 2F
1-1: Foul Ball, location: 2F
1-2: Foul Ball, location: 2F
1-2: Fly out, F9 (Flyball, 9M)
Batting: RHB Phil Matthews 0-0: Called Strike
0-1: Ball
1-1: Ball
2-1: Foul Ball, location: 2F
2-2: Strikes out swinging
Batting: RHB Sadao Kimura 0-0: Swinging Strike
0-1: Swinging Strike
0-2: Ball
1-2: Foul Ball, location: 2F
1-2: Foul Ball, location: 2F
1-2: Strikes out looking
Top of the 4th over - 0 run(s), 0 hit(s), 0 error(s), 0 left on base; New Hampshire 3 - BlackIron 0
BOTTOM OF THE 4TH
BlackIron Dragons batting - Pitching for New Hampshire Fisher Cats : LHP Kent Robinson
Batting: RHB Robert Bly 0-0: Called Strike
0-1: Fly out, F8 (Flyball, 8LM)
Batting: RHB Cole Ball 0-0: Ball
1-0: Ball
2-0: Ball
3-0: Base on Balls
Batting: RHB Jonah Duncan 0-0: Ball
1-0: DOUBLE (Groundball, 3L)
Cole Ball to third
Batting: RHB Dallas Blair 0-0: Ball
1-0: Fly out, F7 (Flyball, 78M)
Runner from 3rd tags up, OUT at HOME
Bottom of the 4th over - 0 run(s), 1 hit(s), 0 error(s), 1 left on base; New Hampshire 3 - BlackIron 0
TOP OF THE 5TH
New Hampshire Fisher Cats batting - Pitching for BlackIron Dragons : RHP Foster Giles
Batting: RHB Chris Parker 0-0: Ball
1-0: Fly out, F3 (Popup, 3F)
Batting: RHB Júlio Trinidad 0-0: Ball
1-0: Foul Ball, location: 2F
1-1: Ball
2-1: Ball
3-1: Base on Balls
Batting: RHB Tony Reyes 0-0: Ball
1-0: Called Strike
1-1: Fly out, F6 (Popup, 6D)
Batting: RHB Lu-fang Huie 0-0: Foul Ball, location: 2F
0-1: Ball
1-1: Foul Ball, location: 2F
1-2: Ground out 3-1 (Groundball, 34)
Top of the 5th over - 0 run(s), 0 hit(s), 0 error(s), 1 left on base; New Hampshire 3 - BlackIron 0
BOTTOM OF THE 5TH
BlackIron Dragons batting - Pitching for New Hampshire Fisher Cats : LHP Kent Robinson
Batting: RHB José Colón 0-0: Ball
1-0: Fly out, F6 (Line Drive, 6MD)
Batting: RHB Robert Buckley 0-0: Ball
1-0: Called Strike
1-1: Fly out, F9 (Flyball, 89M)
Batting: RHB Phil Jacobs 0-0: Ball
1-0: Ball
2-0: Foul Ball, location: 2F
2-1: Foul Ball, location: 2F
2-2: Strikes out looking
Bottom of the 5th over - 0 run(s), 0 hit(s), 0 error(s), 0 left on base; New Hampshire 3 - BlackIron 0
TOP OF THE 6TH
New Hampshire Fisher Cats batting - Pitching for BlackIron Dragons : RHP Foster Giles
Batting: RHB Matt Silver 0-0: Called Strike
0-1: Called Strike
0-2: Strikes out looking
Batting: LHB Sam Barnes 0-0: Ball
1-0: Ball
2-0: Ball
3-0: Called Strike
3-1: Ground out 1-3 (Groundball, 15S)
Batting: RHB Roberto Peña 0-0: Foul Ball, location: 2F
0-1: Ball
1-1: Swinging Strike
1-2: Ball
2-2: Ball
3-2: Base on Balls
Pitching: RHP Esteban Hernández
Batting: RHB Phil Matthews 0-0: Ball
1-0: Ball
2-0: Ball
3-0: Base on Balls
Roberto Peña to second
Batting: RHB Sadao Kimura 0-0: Called Strike
0-1: Ball
1-1: SINGLE (Flyball, 7LM)
Roberto Peña to third
Phil Matthews to second
Runner from 3rd tries for Home, SAFE, no throw or cutoff
Batting: RHB Chris Parker 0-0: Ball
1-0: Foul Ball, location: 2F
1-1: Foul Ball, location: 2F
1-2: Fly out, F9 (Flyball, 89S)
Top of the 6th over - 1 run(s), 1 hit(s), 0 error(s), 2 left on base; New Hampshire 4 - BlackIron 0
BOTTOM OF THE 6TH
BlackIron Dragons batting - Pitching for New Hampshire Fisher Cats : LHP Kent Robinson
Batting: RHB Joaquín Rosales 0-0: Called Strike
0-1: Bunt for hit - play at first, batter OUT! 1-3
Batting: RHB Leroy Jamison 0-0: Ball
1-0: Called Strike
1-1: Swinging Strike
1-2: Strikes out swinging
Batting: RHB Robert Bly 0-0: Called Strike
0-1: Swinging Strike
0-2: Ball
1-2: Ground out 5-3 (Groundball, 5L)
Bottom of the 6th over - 0 run(s), 0 hit(s), 0 error(s), 0 left on base; New Hampshire 4 - BlackIron 0
TOP OF THE 7TH
New Hampshire Fisher Cats batting - Pitching for BlackIron Dragons : RHP Esteban Hernández
Batting: RHB Júlio Trinidad 0-0: Called Strike
0-1: Called Strike
0-2: Foul Ball, location: 2F
0-2: Ball
1-2: Foul Ball, location: 2F
1-2: Fly out, F8 (Flyball, 89D)
Batting: RHB Tony Reyes 0-0: Called Strike
0-1: Ball
1-1: Ball
2-1: Foul Ball, location: 2F
2-2: SINGLE (Line Drive, 6MD)
Batting: RHB Lu-fang Huie 0-0: Called Strike
0-1: Called Strike
0-2: Ball
1-2: Ball
2-2: Ball
3-2: Foul Ball, location: 2F
3-2: Foul Ball, location: 2F
3-2: Foul Ball, location: 2F
3-2: Base on Balls
Tony Reyes to second
Batting: RHB Matt Silver 0-0: Fielders Choice at 2nd, 5-4 (Groundball, 56)
Tony Reyes to third
Batting: LHB Sam Barnes 0-0: Swinging Strike
0-1: Called Strike
Balk!
Tony Reyes scores
Matt Silver to second
0-2: Foul Ball, location: 2F
0-2: Ball
1-2: Foul Ball, location: 2F
1-2: SINGLE (Flyball, 78S)
Matt Silver to third
Runner from 3rd tries for Home, SAFE, no throw or cutoff
Batting: RHB Roberto Peña 0-0: Ground out 6-3 (Groundball, 6)
Top of the 7th over - 2 run(s), 2 hit(s), 0 error(s), 1 left on base; New Hampshire 6 - BlackIron 0
BOTTOM OF THE 7TH
BlackIron Dragons batting - Pitching for New Hampshire Fisher Cats : LHP Kent Robinson
Batting: RHB Cole Ball 0-0: Called Strike
0-1: Ball
1-1: Swinging Strike
1-2: Strikes out swinging
Batting: RHB Jonah Duncan 0-0: Called Strike
0-1: Foul Ball, location: 2F
0-2: Ball
1-2: Foul Ball, location: 2F
1-2: Strikes out looking
Batting: RHB Dallas Blair 0-0: Called Strike
0-1: Ball
1-1: Called Strike
1-2: Foul Ball, location: 2F
1-2: Ball
2-2: Ground out 1-3 (Groundball, 13)
Bottom of the 7th over - 0 run(s), 0 hit(s), 0 error(s), 0 left on base; New Hampshire 6 - BlackIron 0
TOP OF THE 8TH
New Hampshire Fisher Cats batting - Pitching for BlackIron Dragons : RHP Esteban Hernández
Batting: RHB Phil Matthews 0-0: Called Strike
0-1: Ball
1-1: Ball
2-1: Fly out, F8 (Popup, 4D)
Batting: RHB Sadao Kimura 0-0: Ball
1-0: SINGLE (Flyball, 9LS)
Batting: RHB Chris Parker 0-0: Ball
1-0: Ball
2-0: 2-RUN HOME RUN (Flyball, 7D), Distance : 421 ft
Batting: RHB Júlio Trinidad 0-0: Called Strike
0-1: Ball
1-1: SINGLE (Line Drive, 4M)
Pitching: LHP Manny Luján
Batting: RHB Tony Reyes 0-0: Called Strike
0-1: Foul Ball, location: 2F
0-2: Strikes out swinging
Batting: RHB Lu-fang Huie 0-0: Swinging Strike
0-1: Foul Ball, location: 2F
0-2: Ball
1-2: Ball
2-2: Strikes out looking
Top of the 8th over - 2 run(s), 3 hit(s), 0 error(s), 1 left on base; New Hampshire 8 - BlackIron 0
BOTTOM OF THE 8TH
BlackIron Dragons batting - Pitching for New Hampshire Fisher Cats : LHP Kent Robinson
Now at C: Tim Robertson
Now at 1B: Billy Campbell
Now at 2B: José Hernández
Batting: RHB José Colón 0-0: Foul Ball, location: 2F
0-1: Ball
1-1: Foul Ball, location: 2F
1-2: Strikes out swinging
Pitching: RHP Ernesto Rivera
Batting: RHB Robert Buckley 0-0: Ball
1-0: Ball
2-0: Called Strike
2-1: Ball
3-1: Ground out 6-3 (Groundball, 6M)
Batting: RHB Phil Jacobs 0-0: Called Strike
0-1: Ball
1-1: Swinging Strike
1-2: Ball
2-2: Foul Ball, location: 2F
2-2: Foul Ball, location: 2F
2-2: Strikes out swinging
Bottom of the 8th over - 0 run(s), 0 hit(s), 0 error(s), 0 left on base; New Hampshire 8 - BlackIron 0
TOP OF THE 9TH
New Hampshire Fisher Cats batting - Pitching for BlackIron Dragons : LHP Manny Luján
Batting: RHB Matt Silver 0-0: SINGLE (Groundball, 56D)
Batting: LHB Sam Barnes 0-0: Ball
1-0: Ball
2-0: Foul Ball, location: 2F
2-1: Called Strike
2-2: Fly out, F8 (Line Drive, 8RD)
Batting: RHB Roberto Peña 0-0: Ball
1-0: SINGLE (Line Drive, 78M)
Matt Silver to second
Batting: RHB Phil Matthews 0-0: Ball
1-0: DOUBLE (Line Drive, 7LS)
Matt Silver scores
Roberto Peña to third
Runner from 3rd tries for Home, SAFE, no throw or cutoff
Batting: RHB Sadao Kimura 0-0: Called Strike
0-1: Ball
1-1: Ball
2-1: SINGLE (Groundball, 5L)
Phil Matthews to third
Runner from 3rd tries for Home, SAFE, throw made home
Batting: RHB Billy Campbell 0-0: Called Strike
0-1: Ball
Sadao Kimura is caught stealing 2nd base
1-1: Called Strike
1-2: Strikes out swinging
Top of the 9th over - 3 run(s), 4 hit(s), 0 error(s), 0 left on base; New Hampshire 11 - BlackIron 0
BOTTOM OF THE 9TH
BlackIron Dragons batting - Pitching for New Hampshire Fisher Cats : RHP Ernesto Rivera
Now at 3B: Scott Briggs
Batting: RHB Joaquín Rosales 0-0: Fly out, F8 (Flyball, 8RM)
Batting: RHB Leroy Jamison 0-0: Foul Ball, location: 2F
0-1: Foul Ball, location: 2F
0-2: Strikes out swinging
Batting: RHB Robert Bly 0-0: Foul Ball, location: 2F
0-1: Ball
1-1: Foul Ball, location: 2F
1-2: Ground out 5-3 (Groundball, 5S)
Bottom of the 9th over - 0 run(s), 0 hit(s), 0 error(s), 0 left on base; New Hampshire 11 - BlackIron 0
This league is powered by Out of the Park Baseball, the baseball management simulation game for PC, Mac and Linux
Wednesday, December 2nd, 2015 - OOTP Baseball 16.8 Build 38